 Dungeon Crawl Stone Soup version 0.31.0-32-g396128a36d (webtiles) character file.

Game seed: 6555757681541294323

3531 tizbic2 the Skirmisher (level 10, -8/79 HPs)
             Began as a Formicid Hunter on Mar 26, 2024.
             Was a Priest of Zin.
             Mangled by a two-headed ogre
             ... wielding a +0 giant spiked club
              (13 damage)
             ... on level 9 of the Dungeon.
             The game lasted 00:34:37 (10112 turns).

tizbic2 the Skirmisher (Formicid Hunter)           Turns: 10112, Time: 00:34:38

Health: -8/79      AC: 16    Str: 17    XL:     10   Next: 29%
Magic:  15/15      EV:  6    Int: 14    God:    Zin [***...]
Gold:   336        SH:  0    Dex: 21    Spells: 9/9 levels left

rFire   . . .        a - +1 hand axe (venom)
rCold   . . .        (no shield)
rNeg    . . .        F - +1 plate armour {rPois}
rPois   +            (helmet unavailable)
rElec   .            g - +2 cloak
rCorr   .            (no gloves)
SInv    +            (no boots)
Will    +....        (no amulet) Stlth
                     e - +6 ring of intelligence
HPRegen 0.33/turn    A - ring of poison resistance
MPRegen 0.14/turn

%: no passive effects
@: no status effects
A: permanent stasis, dig shafts and tunnels, antennae 3, four strong arms
a: Dig, Shaft Self, Renounce Religion, Recite, Vitalisation, Imprison, Donate
Gold


You were on level 9 of the Dungeon.
You worshipped Zin.
Zin was most pleased with you.
You visited 2 branches of the dungeon, and saw 10 of its levels.

You collected 373 gold pieces.
You donated 37 gold pieces to Zin.

Inventory:

Hand Weapons
 a - a +1 hand axe of venom (weapon)
 w - a +2 shortbow of freezing
Missiles
 i - 2 throwing nets
 r - 17 poisoned darts
 u - 4 javelins
 C - 6 boomerangs
 E - 5 atropa-tipped darts
Armour
 g - a +2 cloak (worn)
 h - a +0 chain mail
 F - a +1 plate armour of poison resistance (worn)
Jewellery
 e - a +6 ring of intelligence (left hand)
 A - a ring of poison resistance (right hand)
 D - a ring of fire
Talismans
 f - a serpent talisman
Wands
 k - a wand of charming (6)
Scrolls
 b - a scroll of butterflies
 m - 2 scrolls of amnesia
 n - a scroll of fog
 o - 2 scrolls of vulnerability
 y - a scroll of fear
 z - a scroll of immolation
Potions
 l - 3 potions of attraction {unknown}
 p - 3 potions of haste
 q - a potion of enlightenment
 s - 3 potions of cancellation
 t - 2 potions of brilliance
 v - a potion of curing
 x - a potion of lignification
 B - a potion of might {unknown}


   Skills:
 + Level 7.0 Fighting
 * Level 9.5 Ranged Weapons
 + Level 4.1 Armour
 - Level 1.8 Dodging
 - Level 1.4 Stealth
 + Level 7.6 Shields
 + Level 7.0 Invocations


You had 9 spell levels left.
You didn't know any spells.
Your spell library contained the following spells:

 Spells                   Type           Power      Damage    Failure   Level
 Foxfire                  Conj/Fire      0%         2x1d4     100%        1
 Freeze                   Ice            0%         1d3       100%        1
 Kiss of Death            Conj/Necr      0%         2d5       100%        1
 Cigotuvi's Dreadful Rot  Necr/Alch/Air  0%         N/A       100%        2
 Lesser Beckoning         Tloc           0%         N/A       100%        2
 Scorch                   Fire           0%         2d5       100%        2
 Confusing Touch          Hex            0%         N/A       100%        3
 Dazzling Flash           Conj/Hex       0%         N/A       100%        3
 Frozen Ramparts          Ice            0%         1d1       100%        3
 Gell's Gravitas          Tloc           0%         N/A       100%        3
 Hailstorm                Conj/Ice       0%         3d5       100%        3
 Mephitic Cloud           Conj/Alch/Air  0%         N/A       100%        3
 Teleport Other           Tloc           0%         N/A       100%        3
 Animate Armour           Summ/Erth      0%         N/A       100%        4
 Dispel Undead            Necr           0%         3d6       100%        4
 Flame Wave               Conj/Fire      0%         2d4       100%        4
 Martyr's Knell           Necr/Summ      0%         N/A       100%        4
 Summon Lightning Spire   Summ/Air       0%         N/A       100%        4
 Curse of Agony           Necr           0%         N/A       100%        5
 Freezing Cloud           Conj/Ice/Air   0%         6-21      100%        5
 Iskenderun's Battlesphe  Conj           0%         2d6       100%        5
 Lee's Rapid Deconstruct  Erth           0%         3d4*      100%        5
 Silence                  Hex/Air        0%         N/A       100%        5
 Bombard                  Conj/Erth      0%         9d1       100%        6
 Death Channel            Necr           0%         N/A       100%        6
 Plasma Beam              Fire/Air       0%         2x1d10    100%        6
 Starburst                Conj/Fire      0%         6d3       100%        6
 Summon Cactus Giant      Summ           0%         N/A       100%        6
 Spellforged Servitor     Conj/Summ      0%         N/A       100%        7
 Fire Storm               Conj/Fire      0%         5d1       100%        9


Dungeon Overview and Level Annotations

Branches:
Dungeon (9/15)             Temple (1/1) D:7
   Lair: D:8-11         Orc: D:9-12

Altars:
Ashenzari
Cheibriados
Dithmenos
Elyvilon
Fedhas
Gozag
Hepliaklqana
Kikubaaqudgha
Makhleb
Nemelex Xobeh
Qazlal
Ru
Trog
Uskayaw
Vehumet
Wu Jian
Xom
Yredelemnul
Zin
The Shining One

Shops:
D:6 *

Annotations:
D:5 2 transporters


Innate Abilities, Weirdness & Mutations

You cannot be hasted, slowed, berserked, paralysed or teleported.
You can dig through walls and to a lower floor.
You have a pair of large antennae on your head. (SInv)
Your four strong arms can wield two-handed weapons with a shield.


Message History

You shoot an arrow. The arrow hits the two-headed ogre.
The arrow freezes the two-headed ogre.
The two-headed ogre is lightly wounded.
You are not zealous enough to affect this audience!
Unknown command.
You shoot an arrow.
The arrow barely misses the two-headed ogre.
You shoot an arrow.
The arrow barely misses the two-headed ogre.
The two-headed ogre closely misses you.
The two-headed ogre hits you with a +0 giant club.
You shoot an arrow.
The arrow hits the two-headed ogre but does no damage.
The two-headed ogre hits you with a +0 giant spiked club!
The two-headed ogre closely misses you.
Your +2 shortbow of freezing stops glowing.
Your +1 hand axe of venom begins to drip with poison!
a - a +1 hand axe of venom (weapon)
The two-headed ogre barely misses you.
The two-headed ogre hits you with a +0 giant club!
You hit the two-headed ogre.
The two-headed ogre is poisoned.
You punch the two-headed ogre.
The two-headed ogre is lightly wounded.
You hit the two-headed ogre.
The two-headed ogre looks even sicker.
The two-headed ogre is lightly wounded.
The two-headed ogre barely misses you. x2
You hit the two-headed ogre.
The two-headed ogre is moderately wounded.
The two-headed ogre hits you with a +0 giant spiked club!
The two-headed ogre hits you with a +0 giant club!
You barely miss the two-headed ogre.
The two-headed ogre is moderately wounded.
The two-headed ogre closely misses you.
The two-headed ogre hits you with a +0 giant club!
* * * LOW HITPOINT WARNING * * *
It was a potion of curing.
You feel better.
The two-headed ogre hits you with a +0 giant spiked club!
* * * LOW HITPOINT WARNING * * *
The two-headed ogre hits you with a +0 giant club!
You die...

# #.##....##.# #
#.##....##.#
#########.##....##.######
.#...§....##....##......#
.....§....########......#
≈≈§≈≈≈≈≈..# #......#
.......§..# #.######
§≈≈≈≈§.≈....######.#
§≈...§(§........@O>#
§≈._.≈.≈....######.#
.≈..§≈§§..### #.#
.≈.≈§§.≈.. #.# #.# #.#
#.# .#


You could see a two-headed ogre (very poisoned).

Vanquished Creatures
  Grinder (D:5)
  A water moccasin (D:5)
  2 sky beasts (D:8)
  2 ice beasts (D:5)
  4 orc warriors
  3 black bears (D:6)
  A centaur (D:9)
  3 kobold brigands (D:8)
  4 bullfrogs
  2 gnoll sergeants
  2 scorpions
  5 necrophages (D:4)
  A bombardier beetle (D:5)
  3 hounds
  A jelly (D:7)
  8 orc priests
  4 iguanas
  Jessica (D:2)
  14 orc wizards
  A hound zombie (D:4)
  12 gnolls
  7 adders
  A white imp (D:6)
  2 ufetubi (D:5)
  2 ribbon worms
  2 dart slugs
  40 orcs
  8 ball pythons
  10 endoplasms
  A giant cockroach (D:3)
  8 goblins
  8 hobgoblins
  7 jackals
  19 kobolds
  3 quokkas
  7 bats
  10 frilled lizards
  4 rats
214 creatures vanquished.

Notes
Turn   | Place    | Note
-------+----------+-------------------------------------------
     0 | D:1      | tizbic2 the Formicid Hunter began the quest for the Orb.
     0 | D:1      | Reached XP level 1. HP: 16/16 MP: 1/1
    55 | D:1      | Reached XP level 2. HP: 23/23 MP: 2/2
   228 | D:1      | Got the Vellum of Fuming Accelerants
   288 | D:1      | Found a faded altar of an unknown god.
   301 | D:1      | Reached skill level 1 in Shields
   305 | D:1      | Reached XP level 3. HP: 24/28 MP: 3/3
   322 | D:1      | Reached skill level 1 in Invocations
   826 | D:2      | Reached XP level 4. HP: 34/34 MP: 3/5
  1091 | D:2      | Noticed Jessica
  1098 | D:2      | Killed Jessica
  1308 | D:2      | Noticed a scorpion
  1318 | D:2      | Killed a scorpion
  1319 | D:2      | Reached skill level 5 in Ranged Weapons
  1319 | D:2      | Reached XP level 5. HP: 11/41 MP: 6/6
  1326 | D:2      | HP: 2/41 [poisoned by a scorpion]
  1770 | D:3      | Found an ancient bone altar of Kikubaaqudgha.
  1941 | D:3      | You fall into a shaft and drop 3 floors!
  2060 | D:6      | Noticed a black bear
  2068 | D:6      | Killed a black bear
  2068 | D:6      | Noticed an orc warrior
  2069 | D:6      | Reached XP level 6. HP: 25/48 MP: 6/8
  2073 | D:6      | You fall into a shaft and drop 1 floor!
  2382 | D:7      | Found a staircase to the Ecumenical Temple.
  2391 | Temple   | Entered the Ecumenical Temple
  2423 | Temple   | Became a worshipper of Elyvilon the Healer
  2539 | D:7      | Reached XP level 7. HP: 53/53 MP: 9/9
  2602 | D:7      | Reached skill level 6 in Ranged Weapons
  3194 | D:7      | Reached * piety under Elyvilon
  3800 | D:6      | Reached XP level 8. HP: 46/58 MP: 11/11
  4096 | D:6      | Found a stormy altar of Qazlal.
  4276 | D:5      | Entered Level 5 of the Dungeon
  4615 | D:4      | Reached ** piety under Elyvilon
  4675 | D:4      | Found a blossoming altar of Fedhas.
  4716 | D:4      | Reached skill level 7 in Ranged Weapons
  4725 | D:4      | Reached skill level 5 in Fighting
  4725 | D:4      | Reached skill level 5 in Shields
  5030 | D:4      | Reached skill level 5 in Invocations
  5813 | D:3      | Found a sparkling altar of Nemelex Xobeh.
  5968 | D:4      | Reached *** piety under Elyvilon
  6328 | D:5      | Reached XP level 9. HP: 48/68 MP: 11/13
  6365 | D:5      | Reached skill level 1 in Armour
  6562 | D:5      | Found a transporter.
  6577 | D:5      | Reached skill level 8 in Ranged Weapons
  6799 | D:5      | Found a transporter.
  7373 | D:5      | Reached **** piety under Elyvilon
  7460 | D:5      | Noticed Grinder
  7473 | D:5      | Killed Grinder
  8261 | D:6      | Found a radiant altar of Vehumet.
  8421 | D:6      | Found Mead's General Store.
  8640 | D:8      | Found a glowing silver altar of Zin.
  8646 | D:8      | Fell from the grace of Elyvilon
  8646 | D:8      | Became a worshipper of Zin the Law-Giver
  8646 | D:8      | Reached * piety under Zin
  8646 | D:8      | Reached ** piety under Zin
  8646 | D:8      | Reached *** piety under Zin
  8754 | D:8      | Reached skill level 9 in Ranged Weapons
  8754 | D:8      | Reached XP level 10. HP: 46/77 MP: 14/14
  9456 | D:8      | Found a bloodstained altar of Trog.
  9456 | D:8      | Found a shadowy altar of Dithmenos.
  9807 | D:9      | Found a snail-covered altar of Cheibriados.
 10100 | D:9      | Noticed a two-headed ogre
 10112 | D:9      | Mangled by a two-headed ogre

Illustrated notes

Levels and vault maps discovered:
D:1:      dpeg_arrival_morbid_curiosity, layout_basic,
          ebering_ecumenical_altar_abandoned, minivault_27, minmay_pentomino_t2
D:2:      layout_loops_ring, chequers_serial_rivers_large_b, dk_noncrumbling_2,
          minmay_lizard_pond, uniq_crazy_yiuf_cottage, uniq_jessica
D:3:      layout_basic, general_overflow_altar, lemuel_coloured_pillars_altar
D:4:      layout_gridville, fedhas_altar_decomposition
D:5:      gammafunk_steamed_eel, layout_basic, st_stairs_1, water_boxes_lemuel,
          uniq_grinder
D:6:      layout_cave_pods, grunt_qazlal_clouds,
          mainiacjoe_overflow_surrounded_room, serial_shops,
          nicolae_shop_pleasant_corner_grove,
          lightli_ossuary_entry_decrepit_ruins
D:7:      layout_loops_ring, minmay_temple_entry_overgrown
D:8:      layout_rooms, old_standard_altar, gammafunk_temple_overflow_elements,
          grunt_ministairs_11
D:9:      layout_basic, mainiacjoe_overflow_concentric_impassable, orc_0_dummy
Temple:   nicolae_temple_bog_church

Skill      XL: |  1  2  3  4  5  6  7  8  9 10 |
---------------+-------------------------------+-----
Shields        | 1 2 3 4 5 7 |  7.6
Invocations    | 1 2 3 4 5 6 7 |  7.0
Fighting       | 3 4 5 6 7 |  7.0
Ranged Weapons | 5 6 7 9 |  9.5
Armour         | 3 4 |  4.1
Dodging        | |  1.8
Stealth        | |  1.4

Action                     |  1- 3 |  4- 6 |  7- 9 | 10-12 || total
---------------------------+-------+-------+-------+-------++-------
  Melee: Hand axe          |       |       |   261 |    46 ||   307
         Punch             |       |       |     4 |     1 ||     5
   Fire: Shortbow          |    98 |   132 |   260 |    58 ||   548
 Invoke: Recite            |       |       |     1 |     4 ||     5
Ability: Shaft Self        |       |     2 |       |       ||     2
         Dig               |       |     1 |     2 |       ||     3
    Use: Scroll            |       |     7 |     8 |     5 ||    20
         Potion            |       |       |     3 |     1 ||     4
   Stab: Confused          |       |       |       |     1 ||     1
 Armour: Ring mail         |    45 |    57 |    92 |       ||   194
         Skin              |       |       |     9 |       ||     9
         Plate armour      |       |       |   397 |   118 ||   515
  Dodge: Dodged            |    45 |    38 |   189 |    46 ||   318
